Map: Undercurrent LE

Players

Essohdee

  • Race: Zerg Zerg
  • Spawn Location: 7:00

BigBoss

  • Race: Terran Terran
  • Spawn Location: 7:00

MSmazal

  • Race: Zerg Zerg
  • League: Silver
  • Spawn Location: 1:00

iPlayDefense

  • Race: Terran Terran
  • Spawn Location: 3:00

VOD

Have the link to the VOD?

Description

Time

  • Played on: April 11, 2025, 9:29 p.m.
  • Length: 9:27
Show
View Real Time Build Order
Export as new Build Order

Essohdee Zerg 

Build Orders: Pool First 

Get SALT Encoding   

  12  0:19  Spawning Pool  
  11  0:23  Extractor  
  11  0:25  Drone  
  11  0:29  Drone  
  11  0:35  Drone  
  13  0:45  Overlord  
  13  0:58  Drone  
  14  1:24  Hatchery  
  13  1:30  Drone x2  
  15  1:36  Drone  
  16  1:53  Queen  
  18  1:59  Drone  
  18  2:00  Drone  
  20  2:05  Drone  
  21  2:12  Extractor  
  20  2:20  Drone  
  21  2:26  Drone  
  22  2:38  Lair  
  22  2:44  Overlord  
  22  2:50  Drone x2  
  24  2:58  Drone  
  25  3:15  Drone x2  
  25  3:16  Drone x3  
  25  3:19  Queen  
  30  3:21  Drone x2  
  34  3:32  Overlord  
  34  3:39  Drone x2  
  36  3:57  Overseer  
  36  4:00  Drone x2  
  38  4:04  Hatchery  
  38  4:05  Drone x2  
  38  4:06  Drone  
  40  4:10  Extractor  
  40  4:12  Extractor  
  38  4:18  Drone  
  38  4:19  Drone x3  
  42  4:26  Drone  
  42  4:29  Drone  
  44  4:37  Overlord  
  44  4:38  Overlord  
  44  4:39  Overlord  
  44  5:00  Spire  
  44  5:05  Spire  
  44  5:06  Drone  
  44  5:07  Drone x4  
  45  5:13  Drone  
  45  5:14  Drone x5  
  50  5:18  Drone  
  54  5:30  Queen  
  54  5:33  Overlord  
  56  5:54  Drone  
  56  5:55  Drone  
  58  6:04  Extractor  
  58  6:06  Queen  
  58  6:07  Extractor  
  58  6:10  Drone x2  
  60  6:13  Drone  
  60  6:14  Drone x2  
  63  6:19  Mutalisk  
  63  6:20  Mutalisk x3  
  71  6:26  Mutalisk x4  
  71  6:27  Mutalisk  
  71  6:30  Overlord  
  81  6:41  Overseer  
  81  6:59  Overlord x2  
  81  7:04  Drone x2  
  81  7:05  Drone  
  81  7:07  Drone  
  85  7:20  Mutalisk  
  85  7:21  Mutalisk x5  
  97  7:25  Zerg Flyer Armor Level 1  
  97  7:26  Zerg Flyer Weapons Level 1  
  97  7:51  Pneumatized Carapace  
  97  7:58  Mutalisk  
  97  7:59  Mutalisk x3  
Show
View Real Time Build Order
Export as new Build Order

BigBoss Terran 

Build Orders:  

Get SALT Encoding   

  12  1:10  SCV  
  13  1:21  Supply Depot  
  13  1:29  Refinery  
  13  1:34  Command Center  
  13  1:35  SCV  
  13  1:37  Refinery  
  14  1:45  Barracks  
  14  1:47  SCV  
  15  1:59  SCV  
  16  2:11  SCV  
  17  2:18  Refinery  
  17  2:24  SCV  
  18  2:39  Factory  
  18  2:45  Orbital Command  
  18  2:46  Refinery  
  18  2:54  Supply Depot  
  18  2:57  Barracks Reactor  
  18  3:03  Orbital Command  
  18  3:11  SCV  
  19  3:28  Starport  
  19  3:29  SCV  
  19  3:32  SCV  
  21  3:47  Hellion  
  21  3:48  Hellion  
  25  3:50  Barracks Tech Lab, SCV  
  25  3:53  SCV  
  28  4:02  SCV  
  28  4:05  SCV  
  29  4:12  Supply Depot  
  29  4:14  SCV  
  30  4:26  Siege Tank  
  30  4:29  Viking  
  30  4:30  SCV x2  
  37  4:42  SCV  
  38  4:52  SCV  
  39  4:54  SCV  
  39  4:58  Siege Tank  
  43  5:15  Viking  
  43  5:16  Viking  
  47  5:30  Siege Tank  
  47  5:32  Engineering Bay  
  50  5:36  Armory  
  50  5:37  Factory  
  50  5:51  Command Center  
  50  5:57  SCV  
  50  5:58  SCV  
  50  6:01  Supply Depot  
  52  6:09  SCV  
  53  6:23  Viking  
  55  6:32  Command Center  
  55  6:35  SCV x2  
  55  6:39  Factory Reactor  
  57  6:41  Missile Turret  
  57  6:43  Missile Turret x2  
  57  6:48  Missile Turret  
  57  6:49  Missile Turret  
  57  6:56  Missile Turret  
  57  6:58  SCV x2  
  59  7:05  Missile Turret  
  59  7:19  Missile Turret  
  63  7:23  Infernal Pre-Igniter  
  63  7:27  Thor  
  63  7:28  Refinery  
  69  7:30  Hellion x2  
  69  7:31  SCV x2  
  69  7:34  Refinery  
  71  7:43  SCV, Hi-Sec Auto Tracking  
  72  7:48  SCV, Armory  
  73  7:52  Armory  
  74  8:01  Orbital Command  
  74  8:05  Factory Tech Lab  
  73  8:09  Factory  
  73  8:13  Factory  
  73  8:17  Orbital Command  
  73  8:19  SCV, Factory  
  75  8:20  SCV  
  75  8:23  Refinery  
  75  8:27  Refinery  
  75  8:44  Thor  
  79  9:08  Missile Turret  
  79  9:09  Factory Tech Lab x2  
  79  9:11  SCV x2  
  79  9:12  SCV  
  79  9:13  Missile Turret  
  79  9:15  Missile Turret  
Show
View Real Time Build Order
Export as new Build Order

MSmazal Zerg 

Build Orders: Pool First 

Get SALT Encoding   

  12  0:02  Drone  
  13  0:09  Drone  
  14  0:25  Overlord  
  14  0:36  Overlord  
  14  0:38  Overlord  
  14  0:50  Drone x2  
  16  0:58  Spawning Pool  
  15  1:14  Drone  
  15  1:15  Drone  
  17  1:30  Drone  
  18  1:55  Hatchery  
  18  1:59  Extractor  
  18  2:00  Drone x2, Extractor  
  18  2:01  Drone  
  18  2:04  Queen  
  20  2:16  Drone  
  21  2:23  Drone  
  22  2:33  Drone  
  23  2:39  Queen  
  25  2:45  Drone  
  26  2:56  Metabolic Boost  
  26  3:07  Drone x2  
  26  3:10  Queen  
  26  3:12  Drone  
  31  3:27  Lair  
  31  3:29  Zergling x2  
  31  3:30  Zergling x4  
  34  3:35  Zergling x4  
  36  3:44  Drone  
  37  4:05  Overlord x3  
  37  4:10  Drone  
  37  4:11  Drone x3  
  41  4:23  Zergling x2  
  42  4:33  Spire  
  41  4:57  Drone x2  
  41  4:58  Drone  
  41  4:59  Drone  
  45  5:02  Extractor  
  45  5:03  Drone x4, Extractor  
  47  5:15  Overlord x2  
  47  5:20  Drone x2  
  49  5:28  Queen  
  51  5:46  Mutalisk  
  51  5:47  Mutalisk x5  
  63  6:01  Drone  
  63  6:02  Drone x3  
  67  6:19  Zerg Flyer Weapons Level 1  
  67  6:27  Spire  
  67  6:28  Drone  
  67  6:29  Drone x3  
  70  6:38  Drone x3  
  73  6:41  Overlord x2  
  73  6:51  Spore Crawler  
  73  6:53  Spore Crawler  
  71  6:57  Spore Crawler  
  70  7:11  Mutalisk x6  
  82  7:32  Mutalisk  
  82  7:33  Spore Crawler  
  82  7:34  Spore Crawler  
  82  7:36  Spore Crawler, Overlord x4  
  81  8:03  Infestation Pit  
  80  8:14  Evolution Chamber  
  55  9:05  Hatchery  
Show
View Real Time Build Order
Export as new Build Order

iPlayDefense Terran 

Build Orders:  

Get SALT Encoding   

  12  0:01  SCV  
  13  0:13  SCV  
  14  0:27  Supply Depot  
  14  0:29  Refinery  
  14  0:31  SCV  
  15  0:49  SCV  
  16  0:53  Barracks  
  16  1:03  SCV  
  17  1:25  Supply Depot  
  17  1:40  Barracks Reactor  
  17  1:41  Orbital Command  
  17  1:53  Engineering Bay  
  17  1:55  Barracks  
  17  2:20  Terran Infantry Weapons Level 1  
  17  2:23  Marine x2  
  19  2:41  Marine x2  
  21  2:47  Barracks Tech Lab  
  21  2:56  Supply Depot  
  21  2:59  Marine x2  
  23  3:13  Combat Shield  
  23  3:20  Command Center  
  23  3:34  Bunker  
  23  3:56  Marine x3  
  26  4:08  SCV  
  27  4:14  Marine x3  
  30  4:20  SCV, Bunker  
  31  4:32  SCV, Stimpack  
  31  4:33  SCV  
  33  4:44  SCV  
  33  4:45  SCV  
  34  4:46  Factory  
  34  4:57  SCV x2, Barracks  
  36  5:09  SCV  
  36  5:12  Bunker  
  37  5:16  SCV  
  37  5:20  Terran Infantry Armor Level 1  
  37  5:21  SCV  
  39  5:28  SCV  
  40  5:33  SCV  
  41  5:39  Supply Depot, Factory Tech Lab  
  41  5:40  SCV  
  42  5:45  SCV, Barracks  
  43  5:52  SCV  
  43  5:54  Marine x3  
  47  5:59  Barracks Reactor  
  47  6:01  Supply Depot  
  47  6:12  Marine x3  
  50  6:24  Supply Depot  
  50  6:33  Barracks Reactor  
  50  6:38  Command Center  
  50  6:40  Siege Tank  
  53  6:49  Supply Depot  
  53  7:05  Refinery  
  53  7:08  Refinery  
  53  7:11  SCV  
  53  7:13  SCV  
  55  7:15  Marine  
  55  7:16  Marine x6  
  62  7:24  SCV  
  62  7:26  SCV  
  64  7:33  Marine  
  64  7:34  Marine x6, Refinery  
  64  7:36  SCV  
  72  7:38  SCV  
  73  7:51  SCV, Marine x2  
  76  8:03  SCV  
  77  8:15  Orbital Command  
  77  8:16  SCV  
  78  8:44  Starport  
  78  8:46  Marine x7  
  73  9:02  SCV  
  62  9:04  Marine x7  
  72  9:14  SCV  
  70  9:21  Supply Depot  
Tags
 
Add a new tag
Caveats
  • Supply blocks, unpowered buildings, or Contaminate may cause inaccurate times.
  • Supply counts are checked every 10 seconds.